 Dungeon Crawl Stone Soup version 0.29-a0-322-g68df515428 (webtiles) character file.

Game seed: 12077705986820423503

8 GigaChad the Insei (level 2, 0/22 HPs)
             Began as a Djinni Transmuter on Apr 6, 2022.
             Slain by a kobold
             ... wielding a +0 short sword
              (1 damage)
             ... on level 1 of the Dungeon.
             The game lasted 00:01:16 (180 turns).

GigaChad the Insei (Djinni Transmuter)               Turns: 180, Time: 00:01:17

Health: 0/22       AC: 10    Str:  9    XL:     2   Next: 15%
Gold:   32         EV:  0    Int: 14    God:
                   SH:  0    Dex: 13

rFire   + + .      SeeInvis .   e - +0 dagger
rCold   x . .      Faith    .   (no shield)
rNeg    . . .      Spirit   .   f - +0 plate armour
rPois   ∞          Reflect  .   (no helmet)
rElec   .          Harm     .   (no cloak)
rCorr   .          Rampage  .   (no gloves)
Will    .....                   (boots unavailable)
Stlth   ..........              (no amulet)
HPRegen 0.07/turn               (no ring)
MPRegen 0.00/turn               (no ring)

@: flying
A: sickness immunity, fire resistance 2, cold vulnerability 1, float, innate
caster, HP casting, extra vitality 1
a: no special abilities


You were on level 1 of the Dungeon.
You visited 1 branch of the dungeon, and saw 1 of its levels.

You collected 32 gold pieces.

Inventory:

Hand Weapons
 e - a +0 dagger (weapon)
Missiles
 c - 3 silver javelins
Armour
 a - a +0 robe
 d - a +0 chain mail
 f - a +0 plate armour (worn)
Potions
 b - a potion of lignification
 g - a potion of cancellation {unknown}


   Skills:
 + Level 1.0 Fighting
 + Level 2.4 Dodging
 + Level 3.4 Unarmed Combat
 + Level 1.6 Spellcasting


You couldn't memorise any spells.
You knew the following spells:

 Your Spells              Type           Power      Damage    Failure   Level
a - Beastly Appendage     Tmut           10%        N/A       100%        1
b - Wereblood             Tmut           5%         N/A       100%        2
c - Spider Form           Tmut/Pois      5%         N/A       100%        3
d - Ice Form              Ice/Tmut       5%         N/A       100%        4
Your spell library was empty.


Dungeon Overview and Level Annotations

Branches:
Dungeon (1/15)

Altars:


Innate Abilities, Weirdness & Mutations

You are immune to sickness and miasma.
You are immune to poison.
Your flesh is very heat resistant. (rF++)
You are vulnerable to cold. (rC-)
You float through the air rather than walking.
You learn spells naturally, not from books.
Your magical power is your life essence.
You have superior vitality. (+4 MHP)


Message History

The bat completely misses you. The bat hits you but does no damage.
You closely miss the bat. The bat hits you but does no damage.
The bat hits you but does no damage.
A kobold comes into view. It is wielding a +0 short sword.
You barely miss the kobold.
The kobold shouts!
You punch the kobold.
The kobold is heavily wounded.
The bat hits you but does no damage. The kobold hits you with a +0 club.
You barely miss the kobold.
The kobold is heavily wounded.
The bat hits you but does no damage. The kobold hits you but does no damage.
You hit the kobold.
You kill the kobold!
The bat hits you but does no damage.
The hobgoblin hits you but does no damage.
The hobgoblin hits you but does no damage.
The bat hits you but does no damage.
Things that are here:
a +0 club; a kobold corpse You barely miss the kobold.
The bat completely misses you. The bat hits you but does no damage.
The kobold hits you but does no damage.
The hobgoblin hits you but does no damage.
You hit the hobgoblin but do no damage. The bat hits you but does no damage.
The kobold hits you but does no damage. The hobgoblin hits you.
You barely miss the kobold. The bat hits you but does no damage.
The kobold hits you but does no damage.
The hobgoblin hits you but does no damage.
You hit the kobold but do no damage. The bat hits you but does no damage.
The kobold hits you with a +0 short sword.
* * * LOW HITPOINT WARNING * * *
The hobgoblin hits you.
* * * LOW HITPOINT WARNING * * *
You closely miss the kobold. The bat hits you but does no damage.
The kobold hits you but does no damage.
The hobgoblin hits you but does no damage.
You hit the kobold but do no damage. The bat hits you but does no damage.
The kobold hits you with a +0 short sword.
You die...

...)..###.............# #.......
##...........#........##
#....... #...........##>........
..#####.
#...............#...#####.#...#.
#...............#..## #.#.8.#.
#..........####.....### ..#...#.
#...........##..###.... .#####.
###########....b#:#.... .......
######g@###.... ......
..$....K....### ......
............# ......
#......#....... ......
#.............. #####.
#............#. #...#.
...........#... #.8.#. ....#..
.#..... #...#. .####.# .#.....
#####.


You could see a hobgoblin, a bat and a kobold.

Vanquished Creatures
  A dart slug (D:1)
  A goblin (D:1)
  A hobgoblin (D:1)
  2 kobolds (D:1)
5 creatures vanquished.

Notes
Turn   | Place    | Note
-------+----------+-------------------------------------------
     0 | D:1      | GigaChad the Djinni Transmuter began the quest for the Orb.
     0 | D:1      | Reached XP level 1. HP: 17/17 MP: 0/0
   143 | D:1      | Reached XP level 2. HP: 11/22 MP: 0/0
   178 | D:1      | HP: 1/22 [hobgoblin (4)]
   180 | D:1      | Slain by a kobold

Illustrated notes

Levels and vault maps discovered:
D:1:      minmay_arrival_glassed_features, layout_rooms,
          chequers_ecumenical_altar_twisty, serial_shops, nicolae_shop_trees,
          minmay_misc_feat_more_columns, item_on_display_a

Action                   || total
-------------------------++-------
Melee: Dagger            ||    25
       Unarmed           ||     5
       Headbutt          ||     1
       Punch             ||     1
 Cast: Beastly Appendage ||     1
Armor: Chain mail        ||    15
       Plate armour      ||    34
Dodge: Dodged            ||     8

Table legend: (Time is in decaauts)
 A = Elapsed time spent in this place.
 B = Non-inter-level travel time spent in this place.
 C = Inter-level travel time spent in this place.
 D = Time resting spent in this place.
 E = Time spent auto-exploring this place.
 F = Levels seen in this place.
 G = Mean time per level.
                   A        B        C        D        E       F      G
               +--------+--------+--------+--------+--------+-----+--------+
         Total |    179 |    179 |      0 |      0 |      0 |   1 |  179.0 |
       Dungeon |    179 |    179 |      0 |      0 |      0 |   1 |  179.0 |
               +--------+--------+--------+--------+--------+-----+--------+

Top non-repeatable levels by time:
     D:1: 179 daAuts
